 Dungeon Crawl Stone Soup version 0.18-a0-1147-g8e8348b (webtiles) character file.

81 Reinor the Ruffian (level 4, -7/44 HPs)
             Began as a Troll Monk on Jan 22, 2016.
             Killed by nerve-wracking pain
             ... invoked by Grinder
              (12 damage)
             ... on level 3 of the Dungeon.
             The game lasted 00:05:50 (1570 turns).

Reinor the Ruffian (Troll Monk)                     Turns: 1570, Time: 00:05:50

Health: -7/44      AC:  5    Str: 19    XL:     4   Next: 20%
Magic:  3/3        EV: 10    Int:  6    God:
Gold:   42         SH:  0    Dex: 13    Spells: 0 memorised, 3 levels left

rFire  . . .     SeeInvis .       - Unarmed
rCold  . . .     Gourm    +     a - +0 robe
rNeg   . . .     Faith    .     (no shield)
rPois  .         Spirit   .     (helmet restricted)
rElec  .         Dismiss  .     (no cloak)
rCorr  .         Reflect  .     (gloves unavailable)
SustAt .         Harm     .     (boots unavailable)
MR     .....                    c - amulet of magic regeneration
Stlth  +.........               (no ring)
                                f - ring of wizardry

@: not resistant to hostile enchantments, very unstealthy
A: unfitting armour, claws 3, fast metabolism 3, gourmand, regeneration 2,
shaggy fur 1, tough skin 2
a: no special abilities


You were on level 3 of the Dungeon.
You were completely stuffed.

You visited 1 branch of the dungeon, and saw 3 of its levels.

You collected 42 gold pieces.

Inventory:

Armour
 a - a +0 robe (worn)
Jewellery
 c - an amulet of magic regeneration (around neck)
 f - a ring of wizardry (left claw)
Wands
 g - a wand of digging (6/24)
Scrolls
 e - 4 scrolls of teleportation
 i - 4 scrolls of recharging
 l - 2 scrolls of enchant weapon
Potions
 p - a potion of haste
Comestibles
 b - 4 bread rations
 d - 5 chunks of flesh
 o - 2 meat rations


   Skills:
 - Level 2.4 Fighting
 - Level 2.4 Dodging
 - Level 1.1 Stealth
 + Level 5.7 Unarmed Combat


You had 3 spell levels left.
You didn't know any spells.

Dungeon Overview and Level Annotations

Branches:
Dungeon (3/15)

Altars:
Ashenzari

Annotations:
D:3 Grinder


Innate Abilities, Weirdness & Mutations

You are too large for most types of armour.
You have claws for hands.
Your metabolism is lightning-fast.
You like to eat raw meat.
You heal very quickly.
You are covered in fur (AC +1).
You have very tough skin (AC +2).


Message History

Okay, then.
You closely miss Grinder.
Grinder is severely wounded.
You scratch Grinder.
Grinder is severely wounded.
Grinder barely misses you.
You barely miss Grinder.
Grinder is severely wounded.
Grinder hits you.
You writhe in agony.
You closely miss Grinder.
Grinder is severely wounded.
Grinder hits you!
* * * LOW HITPOINT WARNING * * *
You writhe in agony.
* * * LOW HITPOINT WARNING * * *
Grinder gestures.
Grinder blinks!
Grinder gestures at you. Pain shoots through your body!
You die...

#......#.##.........#
#.###.##.##.#######.#
#.###.##.##.#.# #.#
#<....##.##.#.#####.#
####..##.##.#.......#
#####..........##########
......####.#.#..........#
......# #.#.##.#####.###
......# #.#....@.# #.#
......####.#.##.#.###.#
.####.........#.#..5..#
.#########.#..#.#ยง#####
.............)#.#.#
.###.......#.##.###*****
..##.............,,,,,,*
..##.......###.##*****,*
..##.......#.....* *,*


You could see Grinder.

Vanquished Creatures
  An adder (D:3)
  3 worms (D:2)
  2 giant geckos (D:2)
  3 orcs (D:3)
  7 giant cockroaches
  3 hobgoblins
  10 jackals
  A quokka (D:2)
  A ball python (D:3)
  5 bats
  3 giant newts
  4 goblins
  5 kobolds
  6 rats
54 creatures vanquished.

Notes
Turn   | Place    | Note
--------------------------------------------------------------
     0 | D:1      | Reinor the Troll Monk began the quest for the Orb.
     0 | D:1      | Reached XP level 1. HP: 22/22 MP: 0/0
    66 | D:1      | Reached XP level 2. HP: 29/29 MP: 1/1
   765 | D:2      | Reached skill level 5 in Unarmed Combat
   768 | D:2      | Reached XP level 3. HP: 34/36 MP: 2/2
  1328 | D:3      | Reached XP level 4. HP: 44/44 MP: 3/3
  1507 | D:3      | Found a shattered altar of Ashenzari.
  1556 | D:3      | Noticed Grinder
  1570 | D:3      | Killed from afar by Grinder

Vault maps used:
D:1:      lightli_arrival_flooded_house, st_stairs_13, hangedman_decor_points
D:3:      lemuel_statue_altar, uniq_grinder

Action                   |  1- 3 |  4- 6 || total
-------------------------+-------+-------++-------
Melee: Unarmed           |   101 |    20 ||   121
  Use: Scroll            |     1 |     9 ||    10
 Stab: Sleeping          |     4 |       ||     4
       Distracted        |     1 |       ||     1
  Eat: Chunk             |    18 |     2 ||    20
